 Dungeon Crawl Stone Soup version 0.26-b1-32-g5d43845318 (webtiles) character file.

Game seed: 17735730129867543651

132112 Inarius the Executioner (level 17, -19/150 HPs)
             Began as a Hill Orc Fighter on Jan 10, 2021.
             Was the Champion of Qazlal.
             Demolished by a Hell Sentinel (22 damage)
             ... on level 3 of the Abyss.
             The game lasted 00:50:58 (28673 turns).

Inarius the Executioner (Hill Orc Fighter)         Turns: 28673, Time: 00:50:59

Health: -19/150    AC: 19    Str: 28    XL:     17   Next: 11%
Magic:  28/28      EV:  7    Int: 14    God:    Qazlal [******]
Gold:   2120       SH: 24    Dex: 20    Spells: 16/16 levels left

rFire    + . .     SeeInvis .   a - +0 broad axe
rCold    + + .     Faith    .   U - +1 kite shield {rF+}
rNeg     + . .     Spirit   .   V - +1 plate armour {rF+}
rPois    +         Reflect  .   q - +0 helmet (curse)
rElec    +         Harm     .   B - -6 cloak of Itugirin {rN+ Regen+ Int+4 Dex+3} (curse)
rCorr    .         Rampage  .   R - +0 pair of gloves
Will     +....                  X - +0 pair of boots "Pioggomm" {Dex+3} (curse)
Stlth    ..........             i - amulet of the acrobat
HPRegen  0.75/turn              J - ring of Twilight {Ice Dex+4}
MPRegen  0.21/turn              I - ring of Tuxum {rElec rPois rC+ Str+6 Int+2}

@: protected from physical damage, repel missiles
A: [weak 2]
a: Renounce Religion, Upheaval, Elemental Force, Disaster Area


You were on level 3 of the Abyss.
You worshipped Qazlal.
Qazlal was exalted by your worship.
You visited 4 branches of the dungeon, and saw 24 of its levels.
You visited the Abyss 1 time.
You also visited: Sewer, Bailey, Gauntlet and Volcano.

You collected 2593 gold pieces.
You spent 473 gold pieces at shops.

Inventory:

Hand Weapons
 a - a +0 broad axe (weapon)
Armour
 q - a cursed +0 helmet (worn)
 B - the cursed -6 cloak of Itugirin (worn) {rN+ Regen+ Int+4 Dex+3}
   (You found it in a bailey)

   It affects your intelligence (+4).
   It affects your dexterity (+3).
   It protects you from negative energy.
   It increases your rate of regeneration.
   It has a curse placed upon it.
 R - a +0 pair of gloves (worn)
 U - a +1 kite shield of fire resistance (worn)
 V - a +1 plate armour of fire resistance (worn)
 W - a +1 pair of boots of running
 X - the cursed +0 pair of boots "Pioggomm" (worn) {Dex+3}
   (You found it in a Gauntlet)

   It affects your dexterity (+3).
   It has a curse placed upon it.
 Z - the cursed +0 hat of Wasted Space {Str+5, unknown}
   (You found it on level 1 of the Orcish Mines)

   It affects your strength (+5).
   It has a curse placed upon it.
Jewellery
 i - an amulet of the acrobat (around neck)
 G - a +4 ring of evasion
 H - a +4 ring of slaying
 I - the ring of Tuxum (right hand) {rElec rPois rC+ Str+6 Int+2}
   (You took it off a deep elf mage on level 15 of the Dungeon)

   [ring of strength]

   It affects your strength (+6).
   It affects your intelligence (+2).
   It protects you from cold.
   It insulates you from electricity.
   It protects you from poison.
 J - the ring of Twilight (left hand) {Ice Dex+4}
   (You found it on level 15 of the Dungeon)

   [ring of ice]

   It enhances your ice magic.
   It affects your dexterity (+4).
   It makes you vulnerable to fire.
   It protects you from cold.
 M - the ring "Ziukesauqa" {Fire +Inv Str+3 Int-3 SInv}
   (You took it off an orc knight on level 15 of the Dungeon)

   [ring of fire]

   It enhances your fire magic.
   It affects your strength (+3).
   It affects your intelligence (-3).
   It protects you from fire.
   It makes you vulnerable to cold.
   It lets you see invisible.
   It lets you turn invisible.
Wands
 g - a wand of enslavement (2)
 A - a wand of digging (9)
 K - a wand of flame (8)
 S - a wand of polymorph (3)
 T - a wand of iceblast (6)
Scrolls
 f - 18 scrolls of teleportation {unknown}
 h - 18 scrolls of identify {unknown}
 j - a scroll of blinking {unknown}
 l - 6 scrolls of magic mapping {unknown}
 m - 5 scrolls of random uselessness {unknown}
 n - 14 scrolls of remove curse {unknown}
 p - 3 scrolls of fog {unknown}
 s - 6 scrolls of immolation {unknown}
 x - 3 scrolls of fear {unknown}
 C - 3 scrolls of amnesia {unknown}
 E - 2 scrolls of enchant weapon {unknown}
 N - 4 scrolls of vulnerability {unknown}
 O - 2 scrolls of brand weapon {unknown}
 P - 2 scrolls of enchant armour {unknown}
 Q - a scroll of noise {unknown}
Potions
 b - a potion of attraction {unknown}
 d - 7 potions of might
 e - 11 potions of curing
 k - a potion of ambrosia {unknown}
 o - 3 potions of invisibility {unknown}
 r - 5 potions of flight {unknown}
 t - a potion of experience {unknown}
 u - 3 potions of magic {unknown}
 v - 5 potions of heal wounds
 w - 5 potions of haste
 y - a potion of resistance
 z - 5 potions of cancellation {unknown}
 D - a potion of berserk rage {unknown}
 F - 4 potions of mutation
 L - 4 potions of lignification {unknown}
 Y - a potion of degeneration {unknown}
Miscellaneous
 c - a lightning rod (4/4)


   Skills:
 + Level 13.2 Fighting
 * Level 22.5 Axes
 + Level 11.4 Armour
 + Level 13.8 Shields
 * Level 14.8 Invocations
 + Level 7.2 Evocations


You had 16 spell levels left.
You didn't know any spells.
Your spell library contained the following spells:

 Spells                   Type           Power        Failure   Level
 Animate Skeleton         Necr           0%           94%         1
 Apportation              Tloc           0%           94%         1
 Corona                   Hex            0%           94%         1
 Foxfire                  Conj/Fire      0%           94%         1
 Freeze                   Ice            0%           94%         1
 Pain                     Necr           0%           94%         1
 Sandblast                Erth           0%           94%         1
 Summon Small Mammal      Summ           0%           94%         1
 Ensorcelled Hibernation  Hex/Ice        0%           98%         2
 Passwall                 Tmut/Erth      0%           98%         2
 Call Canine Familiar     Summ           0%           100%        3
 Confusing Touch          Hex            0%           100%        3
 Dazzling Flash           Conj/Hex       0%           100%        3
 Frozen Ramparts          Ice            0%           100%        3
 Gell's Gravitas          Tloc           0%           100%        3
 Ignite Poison            Fire/Tmut/Pois 0%           100%        3
 Mephitic Cloud           Conj/Pois/Air  0%           100%        3
 Ozocubu's Armour         Ice            0%           100%        3
 Stone Arrow              Conj/Erth      0%           100%        3
 Tukima's Dance           Hex            0%           100%        3
 Vampiric Draining        Necr           0%           100%        3
 Airstrike                Air            0%           100%        4
 Hailstorm                Conj/Ice       0%           100%        4
 Ice Form                 Ice/Tmut       0%           100%        4
 Petrify                  Tmut/Erth      0%           100%        4
 Sticky Flame             Conj/Fire      0%           100%        4
 Summon Ice Beast         Ice/Summ       0%           100%        4
 Bolt of Magma            Conj/Fire/Erth 0%           100%        5
 Irradiate                Conj/Tmut      0%           100%        5
 Iskenderun's Battlesphe  Conj           0%           100%        5
 Lee's Rapid Deconstruct  Erth           0%           100%        5
 Metabolic Englaciation   Hex/Ice        0%           100%        5
 Summon Mana Viper        Hex/Summ       0%           100%        5
 Yara's Violent Unravell  Hex/Tmut       0%           100%        5
 Death Channel            Necr           0%           100%        6
 Eringya's Noxious Bog    Tmut/Pois      0%           100%        6
 Freezing Cloud           Conj/Ice/Air   0%           100%        6
 Hydra Form               Tmut           0%           100%        6
 Iron Shot                Conj/Erth      0%           100%        6
 Ozocubu's Refrigeration  Ice            0%           100%        6
 Simulacrum               Ice/Necr       0%           100%        6
 Statue Form              Tmut/Erth      0%           100%        6
 Dragon Form              Tmut           0%           100%        7
 Orb of Destruction       Conj           0%           100%        7
 Spellforged Servitor     Conj/Summ      0%           100%        7
 Shatter                  Erth           0%           100%        9


Dungeon Overview and Level Annotations

Branches:
Dungeon (15/15)            Temple (0/1) D:5            Lair (6/6) D:10
 Shoals (0/4) Lair:2        Snake (1/4) Lair:4        Slime (0/5) Lair:6
    Orc (2/2) D:11            Elf (0/3) Orc:2        Vaults (0/5) D:14
 Depths (0/5) D:15          Sewer (visited)          Bailey (visited)
Volcano (visited)         Gauntlet (visited)

Altars:
Cheibriados
Dithmenos
Elyvilon
Fedhas
Kikubaaqudgha
Nemelex Xobeh
Okawaru
Qazlal
Trog
Vehumet
The Shining One
Beogh

Shops:
D:12 *   D:13 (   D:15 *([   Orc:2 (!}(

Annotations:
Lair:2 exclusion: 2 oklob plants


Innate Abilities, Weirdness & Mutations

[You are very weak. (Str -4)]


Message History

The iron shot misses you.
You barely miss the Hell Sentinel.
The Hell Sentinel is severely wounded.
You block the Hell Sentinel's attack.
The Hell Sentinel hits you but does no damage.
You barely miss the Hell Sentinel.
The Hell Sentinel is severely wounded.
The Hell Sentinel gestures at you.
The sphere of damnation explodes!
The damnation engulfs you!!
* * * LOW HITPOINT WARNING * * *
The damnation engulfs the Hell Sentinel.
The Hell Sentinel completely resists.
You barely miss the Hell Sentinel.
The Hell Sentinel is severely wounded.
You hear a shout!
Unknown command.
You hit the Hell Sentinel.
The Hell Sentinel is severely wounded.
The Hell Sentinel hits you!!
You die...

. .. . .. ..
.. #........
. . #... #
..... .....
##
............
. ) #. ...
... ... . . .
### . . #...
.. .. . ...
###
.#...#.### #
##...#..1####
. # #.@..#. #
. #..#.##.# .
.# ##.##.
...# ##
##.### .#.
... ##. ..#.
# ## #. # .
.# . #


You could see a Hell Sentinel.

Vanquished Creatures
  A sphinx (shapeshifter) (D:15)
  Kirke (D:14)
  Frances (D:13)
  A minotaur (Gauntlet)
  2 ettins (D:15)
  A yaktaur captain (D:15)
  2 great orbs of eyes (D:15)
  The ghost of jaime the Carver, a journeyman MiBe of Trog (Orc:1)
  8 vault guards
  10 hydras
  2 boulder beetles
  4 centaur warriors
  5 two-headed ogres
  A deep troll shaman (D:15)
  2 ogre magi
  A tengu warrior (D:15)
  A thrashing horror (Gauntlet)
  Urug (Lair:4)
  A hell knight (Volcano)
  A wretched star (Abyss:3)
  Nergalle (Orc:2)
  5 skeletal warriors (D:15)
  A deep troll (D:15)
  2 unseen horrors
  A wizard (D:15)
  A lindwurm (Lair:5)
  A lindwurm (shapeshifter) (D:15)
  13 orc knights
  9 orc sorcerers (Orc:2)
  5 deep elf magi
  A necromancer (D:15)
  An oklob plant (D:10)
  5 manticores
  14 ugly things
  A salamander (Snake:1)
  A moth of wrath (Gauntlet)
  5 centaur zombies
  3 cyclopes
  10 elephants
  3 black mambas
  33 cane toads
  Maurice (Orc:2)
  A smoke demon (Volcano)
  A guardian serpent (Snake:1)
  2 molten gargoyles (Volcano)
  2 kobold demonologists
  A gargoyle (D:11)
  A torpor snail (Lair:2)
  A yaktaur (D:15)
  5 komodo dragons
  3 rime drakes (Lair:4)
  2 efreet (D:15)
  A redback zombie (D:15)
  A hellwing (Abyss:3)
  A red devil (Volcano)
  A hornet (D:14)
  A tengu conjurer (D:15)
  11 trolls
  2 polar bears
  Prince Ribbit (D:5)
  A harpy skeleton (D:15)
  17 slime creatures
  A wolf spider simulacrum (D:15)
  4 tyrant leeches (Lair:6)
  31 blink frogs
  13 dream sheep
  3 redbacks (Gauntlet)
  A shadow (D:14)
  4 wraiths
  46 yaks
  2 fire bats (Volcano)
  4 small abominations (Gauntlet)
  7 wyverns
  4 hogs (D:14)
  10 basilisks
  2 steam dragons
  A redback simulacrum (D:15)
  A soldier ant (D:13)
  11 vampire mosquitoes
  A warg (Orc:1)
  5 nagas
  Edmund (D:5)
  A hell hound (Volcano)
  An acid dragon (D:15)
  8 water moccasins
  2 floating eyes (D:15)
  30 orc warriors
  A meliai simulacrum (D:15)
  8 sky beasts
  3 black bears
  3 eyes of draining
  2 phantoms
  4 ice beasts
  16 ogres
  7 boggarts (D:15)
  10 wolves
  27 centaurs
  9 big kobolds
  Blork the orc (D:5)
  39 bullfrogs
  2 gnoll sergeants (D:11)
  A wyvern zombie (D:15)
  A wyvern skeleton (D:11)
  5 scorpions
  A water moccasin skeleton (D:6)
  3 killer bees (D:13)
  4 wights (D:11)
  A howler monkey (D:5)
  An electric eel (Lair:6)
  7 jellies
  5 lava snakes (Volcano)
  A bullfrog zombie (D:8)
  5 hounds
  11 orc priests
  2 bullfrog skeletons
  6 centaur skeletons
  3 iguanas
  Terence (D:2)
  43 orc wizards
  12 worker ants
  A hound zombie (D:5)
  2 hound skeletons
  12 gnolls
  24 adders
  A river rat (Sewer)
  4 white imps
  6 oozes
  2 adder skeletons
  2 worms
  2 dart slugs
  13 leopard geckos
  120 orcs
  4 ball pythons
  8 giant cockroaches
  9 goblins
  7 hobgoblins
  15 jackals
  24 kobolds
  5 quokkas
  9 bats
  7 frilled lizards
  A jackal skeleton (D:4)
  12 rats
949 creatures vanquished.

Vanquished Creatures (collateral kills)
  A stone giant (Orc:1)
  A komodo dragon (Lair:1)
  A yak (Lair:1)
  An orc wizard (Orc:1)
4 creatures vanquished.

Vanquished Creatures (others)
  A centaur (D:14)
  2 orc wizards (Orc:2)
  An orc (Orc:2)
  A quokka (D:7)
  A kobold (D:12)
  46 fungi
  110 plants
162 creatures vanquished.

Grand Total: 1115 creatures vanquished

Notes
Turn   | Place    | Note
-------+----------+-------------------------------------------
     0 | D:1      | Inarius the Hill Orc Fighter began the quest for the Orb.
     0 | D:1      | Reached XP level 1. HP: 19/19 MP: 1/1
   112 | D:1      | Reached XP level 2. HP: 25/27 MP: 2/2
   113 | D:1      | Reached skill level 3 in Axes
   326 | D:1      | Reached XP level 3. HP: 33/33 MP: 3/3
   775 | D:2      | Noticed Terence
   777 | D:2      | Noticed a phantom
   790 | D:2      | Killed Terence
   791 | D:2      | Reached skill level 4 in Axes
   791 | D:2      | Reached XP level 4. HP: 32/40 MP: 4/4
  1069 | D:2      | Killed a phantom
  1070 | D:2      | Reached skill level 5 in Axes
  1070 | D:2      | Reached XP level 5. HP: 33/46 MP: 5/5
  1316 | D:2      | Found a stormy altar of Qazlal.
  1326 | D:2      | Became a worshipper of Qazlal Stormbringer
  1550 | D:2      | Reached skill level 6 in Axes
  1550 | D:2      | Reached XP level 6. HP: 52/52 MP: 6/6
  1737 | D:3      | Reached * piety under Qazlal
  2027 | D:3      | Found a faded altar of an unknown god.
  2205 | D:2      | Reached skill level 1 in Invocations
  2834 | D:4      | Reached ** piety under Qazlal
  2835 | D:4      | Reached skill level 7 in Axes
  2976 | D:4      | Reached XP level 7. HP: 46/60 MP: 8/8
  4187 | D:5      | Entered Level 5 of the Dungeon
  4187 | D:5      | Found a glowing drain.
  4215 | D:5      | Reached skill level 8 in Axes
  4227 | Sewer    | Entered a sewer
  4547 | Sewer    | Reached *** piety under Qazlal
  4800 | D:5      | Noticed Prince Ribbit
  4800 | D:5      | Noticed Edmund
  5080 | D:5      | Reached skill level 9 in Axes
  5080 | D:5      | Reached XP level 8. HP: 60/67 MP: 10/10
  5140 | D:5      | Reached skill level 5 in Fighting
  5244 | D:5      | Reached skill level 5 in Shields
  5332 | D:5      | Reached skill level 5 in Armour
  5482 | D:5      | Found a staircase to the Ecumenical Temple.
  5492 | D:5      | Reached skill level 10 in Axes
  5814 | D:5      | Found a blossoming altar of Fedhas.
  5825 | D:5      | Killed Prince Ribbit
  5826 | D:5      | Reached XP level 9. HP: 74/74 MP: 12/12
  6010 | D:5      | Killed Edmund
  6011 | D:5      | Reached skill level 11 in Axes
  6011 | D:5      | Reached skill level 1 in Evocations
  6213 | D:5      | Noticed Blork the orc
  6220 | D:5      | Killed Blork the orc
  6440 | D:6      | Reached skill level 5 in Invocations
  6709 | D:6      | Reached skill level 12 in Axes
  6906 | D:6      | Reached **** piety under Qazlal
  7294 | D:7      | Reached XP level 10. HP: 71/83 MP: 14/14
  7528 | D:7      | Found Zeashi's Assorted Antiques.
  7555 | D:7      | Found a bloodstained altar of Trog.
  7556 | D:7      | Found a shadowy altar of Dithmenos.
  7753 | D:7      | Found an iron altar of Okawaru.
  7753 | D:7      | Found a snail-covered altar of Cheibriados.
  7916 | D:7      | Found a white marble altar of Elyvilon.
  7941 | D:7      | Found a glowing golden altar of the Shining One.
  8444 | D:8      | Reached skill level 13 in Axes
  9420 | D:9      | Reached ***** piety under Qazlal
 10419 | D:10     | Entered Level 10 of the Dungeon
 10714 | D:10     | Found a staircase to the Lair.
 10714 | D:10     | Noticed an oklob plant
 10742 | Lair:1   | Entered Level 1 of the Lair of Beasts
 10760 | Lair:1   | Reached skill level 14 in Axes
 10822 | Lair:1   | Reached XP level 11. HP: 30/92 MP: 1/16
 11172 | D:10     | Killed an oklob plant
 11953 | D:11     | Reached skill level 15 in Axes
 12059 | D:11     | Noticed a two-headed ogre
 12073 | D:11     | Killed a two-headed ogre
 12081 | D:11     | Reached skill level 5 in Evocations
 12085 | D:11     | Noticed a two-headed ogre
 12103 | D:11     | Killed a two-headed ogre
 12252 | D:11     | Found a flagged portal.
 12285 | Bailey   | Entered a bailey
 12559 | Bailey   | Noticed an orc knight
 12704 | Bailey   | Noticed an orc knight
 12708 | Bailey   | Noticed an orc knight
 12817 | Bailey   | Killed an orc knight
 12819 | Bailey   | Killed an orc knight
 12869 | Bailey   | Killed an orc knight
 12870 | Bailey   | Reached XP level 12. HP: 63/101 MP: 8/18
 12934 | Bailey   | Got a distressingly furry cloak
 12937 | Bailey   | Got distressingly furry steam dragon scales
 12948 | Bailey   | Identified the +4 steam dragon scales of the Tanner {Str+3}
                  | (You found it in a bailey)
 12968 | Bailey   | Identified the cursed -6 cloak of Itugirin {rN+ Regen+
                  | Int+4 Dex+3} (You found it in a bailey)
 13360 | D:11     | Reached skill level 16 in Axes
 13478 | D:11     | Found a staircase to the Orcish Mines.
 14246 | Lair:1   | You fall into a shaft and drop 1 floor!
 14386 | Lair:2   | Noticed a five-headed hydra
 15021 | Lair:2   | Noticed a seven-headed hydra
 15118 | Lair:2   | Found a staircase to the Shoals.
 15282 | Lair:2   | You fall into a shaft and drop 2 floors!
 15315 | Lair:4   | Reached skill level 17 in Axes
 15336 | Lair:4   | Reached skill level 10 in Invocations
 15647 | Lair:6   | Entered Level 6 of the Lair of Beasts
 15706 | Lair:4   | Reached XP level 13. HP: 85/108 MP: 20/20
 15746 | Lair:4   | Noticed Urug
 15772 | Lair:4   | Killed Urug
 15964 | Lair:4   | Found a staircase to the Snake Pit.
 16120 | Lair:4   | HP: 5/108 [poisoned by a cane toad]
 17108 | Lair:3   | Reached skill level 18 in Axes
 17254 | Lair:3   | Reached skill level 10 in Shields
 18967 | Lair:5   | Reached XP level 14. HP: 99/118 MP: 22/22
 18998 | Lair:5   | Reached skill level 19 in Axes
 20107 | Lair:5   | Reached skill level 10 in Fighting
 20655 | Lair:6   | Found a staircase to the Slime Pits.
 20696 | Lair:6   | Reached skill level 10 in Armour
 20752 | Lair:6   | Reached skill level 20 in Axes
 21356 | Lair:6   | Identified the Handbook of the Flamy Birds
 21805 | Orc:1    | Entered Level 1 of the Orcish Mines
 22076 | Orc:2    | Entered Level 2 of the Orcish Mines
 22076 | Orc:2    | Found a staircase to the Elven Halls.
 22136 | Orc:2    | Paralysed by an orc sorcerer for 2 turns
 22168 | Orc:1    | Noticed a stone giant
 22177 | Orc:1    | Killed a stone giant
 22273 | Orc:1    | Found a runed translucent gate.
 22273 | Orc:1    | Identified the +2 robe of Cyehoj {rN+ Str+5}
 22274 | Orc:1    | Found a runed translucent gate.
 22274 | Orc:1    | Identified the +2 chain mail of a ziggurat {rC+ rN+ Int+4}
 22274 | Orc:1    | Noticed jaime's ghost (journeyman MiBe)
 22340 | Orc:1    | Found a dark tunnel.
 22345 | Volcano  | Entered a volcano
 22358 | Volcano  | Reached XP level 15. HP: 128/128 MP: 24/24
 22561 | Volcano  | Found a bloodstained altar of Trog.
 22808 | Volcano  | Identified a +1 pair of boots of running (You found it in a
                  | volcano)
 22901 | Orc:1    | Found a runed translucent gate.
 22932 | Orc:1    | Found a roughly hewn altar of Beogh.
 22995 | Orc:1    | Killed jaime's ghost
 23034 | Orc:1    | Got a transparent hat
 23169 | Orc:2    | Found a roughly hewn altar of Beogh.
 23207 | Orc:2    | Noticed Maurice
 23226 | Orc:2    | Killed Maurice
 23600 | Orc:2    | Reached ****** piety under Qazlal
 23643 | Orc:2    | Found Ifroriju's Antique Weapon Boutique.
 23665 | Orc:2    | Found a radiant altar of Vehumet.
 23673 | Orc:2    | Paralysed by an orc sorcerer for 2 turns
 23677 | Orc:2    | Found Uvvaaq's Gadget Shop.
 23689 | Orc:2    | Noticed Nergalle
 23701 | Orc:2    | Killed Nergalle
 23810 | Orc:2    | Found an ancient bone altar of Kikubaaqudgha.
 23828 | Orc:2    | Found a roughly hewn altar of Beogh.
 23828 | Orc:2    | Found Daeqoitt's Antique Weapon Boutique.
 23843 | Orc:2    | Found Fathun's Distillery.
 23851 | Orc:2    | Bought a potion of heal wounds for 65 gold pieces
 23851 | Orc:2    | Bought a potion of heal wounds for 65 gold pieces
 23851 | Orc:2    | Bought a potion of haste for 130 gold pieces
 23851 | Orc:2    | Bought a potion of mutation for 104 gold pieces
 24230 | D:12     | Found a gate leading to a gauntlet.
 24262 | D:12     | Found Pofaada's Pet Rocks.
 24285 | Gauntlet | Entered a Gauntlet
 24285 | Gauntlet | Found a transporter.
 24285 | Gauntlet | Found a transporter.
 24285 | Gauntlet | Found a transporter.
 24286 | Gauntlet | Found a transporter.
 24289 | Gauntlet | Found a transporter.
 24300 | Gauntlet | Found a transporter.
 24302 | Gauntlet | Found a large runed translucent door.
 24303 | Gauntlet | Found a large runed translucent door.
 24304 | Gauntlet | Found a large runed translucent door.
 24304 | Gauntlet | Found a large runed translucent door.
 24304 | Gauntlet | Found a large runed translucent door.
 24305 | Gauntlet | Found a transporter.
 24306 | Gauntlet | Found a large runed translucent door.
 24317 | Gauntlet | Found a transporter.
 24336 | Gauntlet | Found a large runed translucent door.
 24337 | Gauntlet | Found a large runed translucent door.
 24338 | Gauntlet | Found a runed translucent gate.
 24339 | Gauntlet | Found a transporter.
 24339 | Gauntlet | Found a runed translucent gate.
 24340 | Gauntlet | Found a runed translucent gate.
 24341 | Gauntlet | Found a large runed translucent door.
 24342 | Gauntlet | Found a large runed translucent door.
 24343 | Gauntlet | Found a large runed translucent door.
 24350 | Gauntlet | Found a large runed translucent door.
 24352 | Gauntlet | Found a large runed translucent door.
 24352 | Gauntlet | Found a large runed translucent door.
 24352 | Gauntlet | Found a runed translucent door.
 24352 | Gauntlet | Found a runed translucent door.
 24353 | Gauntlet | Found a large runed translucent door.
 24354 | Gauntlet | Found a large runed translucent door.
 24356 | Gauntlet | Found a transporter.
 24364 | Gauntlet | Found a transporter.
 24438 | Gauntlet | Found a transporter.
 24614 | Gauntlet | Got a pair of smoking boots
 24625 | Gauntlet | Identified the cursed +0 pair of boots "Pioggomm" {Dex+3}
                  | (You found it in a Gauntlet)
 24695 | Gauntlet | Identified the Handbook of Companions and Moulding
 24695 | Gauntlet | Identified Wiuhigh's Tome of Lethal Clay
 25082 | D:13     | Reached skill level 21 in Axes
 25094 | D:13     | Found Guab's Antique Weapon Boutique.
 25954 | D:13     | Reached XP level 16. HP: 108/139 MP: 26/26
 26381 | D:14     | Noticed Frances
 26418 | D:13     | Killed Frances
 26489 | D:14     | Noticed Kirke
 26503 | D:14     | Killed Kirke
 26552 | D:14     | Paralysed by a hornet for 3 turns
 26782 | D:14     | Found a gate to the Vaults.
 26925 | D:14     | Found a sparkling altar of Nemelex Xobeh.
 27100 | D:15     | Entered Level 15 of the Dungeon
 27148 | D:15     | Identified the ring "Xeotufeq" {Dex+2 Stlth-}
 27327 | D:15     | Found Zexiss's Weapon Emporium.
 27353 | D:15     | Identified the ring "Ziukesauqa" {Fire +Inv Str+3 Int-3
                  | SInv}
 27373 | D:15     | Paralysed by a floating eye for 3 turns
 27514 | D:15     | Reached skill level 22 in Axes
 27551 | D:15     | Paralysed by a great orb of eyes for 3 turns
 27561 | D:15     | Paralysed by a great orb of eyes for 3 turns
 27624 | D:15     | Found a transporter.
 27854 | D:15     | Found a staircase to the Depths.
 27917 | D:15     | Noticed an acid blob
 27917 | D:15     | an acid blob changed into an eleionoma
 27921 | D:15     | Noticed a quicksilver dragon
 27921 | D:15     | an eleionoma changed into a quicksilver dragon
 27925 | D:15     | Noticed a sphinx
 27925 | D:15     | a quicksilver dragon changed into a sphinx
 27930 | D:15     | Killed a sphinx
 27932 | D:15     | Found a transporter.
 28017 | D:15     | Found Gafouj's Assorted Antiques.
 28026 | D:15     | Bought an orange potion for 25 gold pieces
 28026 | D:15     | Bought a scroll labelled ESIT QEGEREX for 28 gold pieces
 28026 | D:15     | Bought a scroll labelled UPIFIC UFYF for 28 gold pieces
 28026 | D:15     | Bought a scroll labelled XEVVUA KAONE for 28 gold pieces
 28069 | D:15     | Got an ancient lead ring
 28087 | D:15     | Reached XP level 17. HP: 149/149 MP: 26/28
 28104 | D:15     | Identified the ring of Tuxum {rElec rPois rC+ Str+6 Int+2}
 28164 | D:15     | Identified the ring of Twilight {Ice Dex+4} (You found it
                  | on level 15 of the Dungeon)
 28196 | D:15     | Found Suwagob's Armour Emporium.
 28373 | D:15     | Found the +8 orange crystal plate armour {Archmagi, Int+3
                  | Clar}
 28603 | Snake:1  | Entered Level 1 of the Snake Pit
 28618 | Snake:1  | Cast into level 3 of the Abyss (naga warrior)
 28652 | Abyss:3  | Noticed a Hell Sentinel
 28671 | Abyss:3  | HP: 1/150 [Hell Sentinel/damnation (30)]
 28673 | Abyss:3  | Demolished by a Hell Sentinel

Illustrated notes

Levels and vault maps discovered:
D:1:      minmay_arrival_doors, layout_rooms
D:2:      layout_rooms, nicolae_qazlal_eye_of_the_storm, uniq_terence
D:3:      layout_rooms, chequers_ecumenical_altar_simple
D:4:      minmay_general_purpose_star, layout_loops_corners
D:5:      layout_loops_corners, minmay_temple_entry_mini_moons,
          gup_sewer_entry_glass, fedhas_bush_and_centaur_altar,
          uniq_blork_the_orc, uniq_prince_ribbit1, uniq_edmund
D:6:      nicolae_whirlpool, layout_basic
D:7:      layout_basic, gammafunk_temple_overflow_elements,
          gammafunk_temple_overflow_statue, lemuel_crystal_altar,
          elyvilon_altar_4, serial_shops,
          nicolae_shop_temple_entry_statues_fountains,
          minmay_misc_feat_more_columns
D:8:      layout_basic
D:9:      layout_gridville
D:10:     layout_basic, dpeg_oklobed_lair, minmay_misc_feat_pillars
D:11:     layout_irregular_city, kennysheep_orc_monster_closet_entryway,
          enter_bailey_2, serial_column_ruins, column_ruins_hut,
          column_ruins_open_tiny, column_ruins_open_tiny,
          column_ruins_corridor_T, minmay_circle_x
D:12:     layout_cave_pools, gauntlet_entry_generic, guppyfry_shop_earth
D:13:     layout_small_grid, serial_shops, shop
D:14:     layout_long_grid, lightli_vaults_fourway_checkpoint,
          serial_park_tiny_pond, nemelex_diamond_rough_becter, uniq_frances,
          uniq_kirke
D:15:     hangedman_spin_cycle
Lair:1:   layout_chaotic_city, minmay_hedge_maze, st_stairs_4,
          beast_lair_carwin_1
Lair:2:   layout_chaotic_city, elwin_shoals_entry_rocks,
          minmay_lair_oklob_chamber
Lair:3:   layout_misc_corridors
Lair:4:   layout_cave_pods, minmay_snake_entry_guardpost_small,
          beast_lair_carwin_7, grunt_megastairs_3, uniq_urug
Lair:5:   layout_regular_city, beast_lair_carwin_8, grunt_megastairs_1,
          infiniplex_staircase_pool_2
Lair:6:   minmay_lair_end_frog_pond, layout_regular_city,
          minmay_slime_entry_pillars, chequers_serial_rivers_small_3,
          lookout_lair_type, lemuel_fruit_tree
Snake:1:  layout_rooms, drop_trap, hangedman_snake_thin_pillar_pass
Orc:1:    layout_caves, biasface_ghost_orc_armoury, enter_volcano_4
Orc:2:    kennysheep_orc_mage_school, layout_caves, basic_altar,
          nicolae_orc_stony_grotto, uniq_maurice
Abyss:3:  base: D:8, evilmike_nicolae_abyss_rune_betentacled_crabyss,
          hangedman_abyss_mock_shop

Skill      XL: |  1  2  3  4  5  6  7  8  9 10 11 12 13 14 15 16 |
---------------+-------------------------------------------------+-----
Axes           | 3 4 5 6 7 9 10 12 14 15 17 18 20 21 22 | 22.5
Fighting       | 4 5 6 7 8 9 10 11 13 | 13.2
Armour         | 4 5 6 8 9 10 11 | 11.4
Shields        | 4 5 6 7 8 9 10 11 12 13 | 13.8
Invocations    | 1 3 4 5 7 9 10 11 12 13 14 | 14.8
Evocations     | 2 4 5 6 7 |  7.2

Action                   |  1- 3 |  4- 6 |  7- 9 | 10-12 | 13-15 | 16-18 || total
-------------------------+-------+-------+-------+-------+-------+-------++-------
Melee: War axe           |   126 |   251 |   397 |   140 |       |       ||   914
       Broad axe         |       |       |       |   513 |  1139 |   529 ||  2181
       Eveningstar       |       |       |       |       |    50 |       ||    50
Invok: Elemental Force   |       |       |       |     2 |     1 |       ||     3
       Upheaval          |       |       |       |    21 |     5 |       ||    26
Evoke: Wand              |       |       |     7 |    18 |     2 |       ||    27
Armor: Scale mail        |    81 |   119 |     8 |       |       |       ||   208
       Chain mail        |       |       |    94 |       |       |       ||    94
       Plate armour      |       |       |    21 |   175 |   373 |   138 ||   707
Dodge: Dodged            |    49 |    97 |    86 |   180 |   247 |   118 ||   777
       Repelled          |       |       |       |     1 |     5 |     7 ||    13
Block: Kite shield       |    81 |   162 |   247 |   555 |  1056 |   505 ||  2606
